 Dungeon Crawl Stone Soup version 0.23-a0-183-gf37f6fb (webtiles) character file.

16755 Felrender the Protected (level 12, -2/106 HPs)
             Began as a Minotaur Fighter on Sept 22, 2018.
             Was an Elder of Wu Jian.
             Slain by a white ugly thing (4 damage)
             ... on level 12 of the Dungeon.
             The game lasted 00:33:54 (12599 turns).

Felrender the Protected (Minotaur Fighter)         Turns: 12599, Time: 00:33:54

Health: -2/106     AC: 15    Str: 25    XL:     12   Next: 12%
Magic:  0/11       EV: 12    Int:  5    God:    Wu Jian [****..]
Gold:   432        SH:  0    Dex: 16    Spells: 11/11 levels left

rFire    + . .     SeeInvis +   n - +5 great mace "Enofo" {crush, rElec MR+ Str+2 Dex+3}
rCold    . . .     Gourm    .   (shield currently unavailable)
rNeg     . . .     Faith    .   E - +3 chain mail
rPois    .         Spirit   +   (helmet restricted)
rElec    +         Reflect  .   (no cloak)
rCorr    .         Harm     .   (no gloves)
MR       +....     Rnd*Tele +   (no boots)
Stlth    ..........             q - amulet of guardian spirit
HPRegen  0.00/turn              j - ring of see invisible
MPRegen  0.12/turn              g - ring of protection from fire

@: no status effects
A: retaliatory headbutt, horns 2, talons 1, inhibited regeneration, teleportitis
1, no potion heal 1
a: Wall Jump, Serpent's Lash, Renounce Religion


You were on level 12 of the Dungeon.
You worshipped Wu Jian.
Wu Jian was greatly pleased with you.
You were not hungry.

You visited 2 branches of the dungeon, and saw 13 of its levels.

You collected 608 gold pieces.
You spent 176 gold pieces at shops.

Inventory:

Hand Weapons
 a - a +0 long sword
 b - a +3 double sword of holy wrath
 k - a cursed +5 trident
 n - the +5 great mace "Enofo" (weapon) {crush, rElec MR+ Str+2 Dex+3}
   (You found it on level 8 of the Dungeon)

   It inflicts extra damage upon your enemies.
   It affects your strength (+2).
   It affects your dexterity (+3).
   It insulates you from electricity.
   It affects your resistance to hostile enchantments.
 z - a +2 great sword of protection
Armour
 c - a +1 shield
 s - a +0 ring mail of cold resistance
 E - a +3 chain mail (worn)
Jewellery
 g - a ring of protection from fire (right hand)
 j - a ring of see invisible (left hand)
 q - an amulet of guardian spirit (around neck)
 w - an uncursed ring of poison resistance
Wands
 e - a wand of polymorph (10)
 r - a wand of flame (20)
 u - a wand of clouds (10)
 v - a wand of iceblast (4)
 y - a wand of random effects (17)
 B - a wand of digging (27)
 C - a wand of scattershot (4)
Scrolls
 d - 3 scrolls of fog
 h - 4 scrolls of fear
 i - 6 scrolls of remove curse
 l - 3 scrolls of immolation
 o - 3 scrolls of identify
 p - 2 scrolls of blinking
 x - 2 scrolls of teleportation
 A - a scroll of amnesia {unknown}
 D - a scroll of holy word {unknown}
Potions
 m - 4 potions of brilliance
 F - a potion of invisibility
Comestibles
 f - 9 rations


   Skills:
 + Level 9.8 Fighting
 + Level 11.2 Long Blades
 + Level 9.8 Maces & Flails
 * Level 11.4 Armour
 + Level 5.5 Dodging
 + Level 2.0 Stealth
 + Level 9.3 Shields
 * Level 4.9 Unarmed Combat
 + Level 0.2 Evocations


You had 11 spell levels left.
You didn't know any spells.
Your spell library contained the following spells:

 Spells                   Type           Power        Failure   Level  Hunger
 Infusion                 Chrm           #...         94%         1    ##.....
 Magic Dart               Conj           #...         94%         1    ##.....
 Searing Ray              Conj           #.....       98%         2    ###....
 Shroud of Golubria       Chrm/Tloc      #.........   98%         2    ###....
 Song of Slaying          Chrm           #.......     98%         2    ###....
 Dazzling Spray           Conj/Hex       #.....       100%        3    ####...
 Regeneration             Chrm/Necr      #.........   100%        3    ####...
 Spectral Weapon          Hex/Chrm       #.......     100%        3    ####...
 Force Lance              Conj/Tloc      #.......     100%        4    #####..
 Fulminant Prism          Conj/Hex       #.........   100%        4    #####..
 Iskenderun's Mystic Bla  Conj           #.......     100%        4    #####..
 Summon Lightning Spire   Summ/Air       #.......     100%        4    #####..
 Bolt of Magma            Conj/Fire/Erth #.........   100%        5    ######.
 Iskenderun's Battlesphe  Conj/Chrm      #.......     100%        5    ######.
 Silence                  Hex/Air        #.........   100%        5    ######.
 Venom Bolt               Conj/Pois      #.........   100%        5    ######.
 Conjure Ball Lightning   Conj/Air       #.........   100%        6    #######
 Deflect Missiles         Chrm/Air       #.........   100%        6    #######
 Iron Shot                Conj/Erth      #.........   100%        6    #######
 Orb of Destruction       Conj           #.........   100%        7    #######
 Spellforged Servitor     Conj/Summ      #.........   100%        7    #######
 Tornado                  Air            #.........   100%        9    #######


Dungeon Overview and Level Annotations

Branches:
Dungeon (12/15)            Temple (1/1) D:6            Lair (0/6) D:10
    Orc: D:9-12

Altars:
Ashenzari
Cheibriados
Dithmenos
Elyvilon
Fedhas
Gozag
Hepliaklqana
Kikubaaqudgha
Makhleb
Nemelex Xobeh
Okawaru
Qazlal
Ru
Sif Muna
Trog
Uskayaw
Vehumet
Wu Jian
Xom
Yredelemnul
Zin
The Shining One

Shops:
D:5 }   D:7 [!


Innate Abilities, Weirdness & Mutations

You reflexively headbutt those who attack you in melee.
You have a pair of horns on your head.
You have sharp toenails.
You do not regenerate when monsters are visible.
You are occasionally teleported next to monsters.
Potions are less effective at restoring your health.


Message History

Your kick misses the white ugly thing.
The white ugly thing is heavily wounded. 2 centaurs come into view.
You hear an angry hiss.
You hear an angry growl.
The centaur unwields an uncursed shortbow of freezing.
The centaur barely misses you.
The white ugly thing tentacle-slaps you.
The white ugly thing freezes you! The centaur misses you.
There is an open door here.
Things that are here:
2 arrows; 22 gold pieces You barely miss the white ugly thing.
Your kick misses the white ugly thing. You headbutt the white ugly thing.
The white ugly thing is severely wounded.
The white ugly thing tentacle-slaps you.
* * * LOW HITPOINT WARNING * * *
The white ugly thing freezes you!!
* * * LOW HITPOINT WARNING * * *
The white ugly thing tentacle-slaps you.
You die...

.?.... ...... .# #..u.. #.#
#..<.. ... .###....######
.... ........##$$$ ........
........##$+ .........
.......ccu@+ .........
)......cc#$+ ..........
...).....#$$$ ...........
........c#######...........
).......(..................
........###................
.......(# #.....# #........
.###...(###....# ##.......
#...((......# #...#...


You could see a white ugly thing and 4 centaurs.

Vanquished Creatures
  Harold (D:9)
  2 two-headed ogres
  Urug (D:10)
  An unseen horror (D:10)
  An orange crystal statue (D:11)
  A deep elf mage (D:11)
  An ugly thing (D:11)
  A cyclops (D:11)
  A gargoyle (D:11)
  2 centaur skeletons (D:11)
  2 trolls
  5 hippogriffs
  Sigmund (D:6)
  14 yaks
  4 hogs (D:7)
  A human (D:7)
  A hungry ghost (D:8)
  A basilisk (D:10)
  Edmund (D:6)
  A water moccasin (D:7)
  3 orc warriors
  2 porcupines
  3 phantoms
  6 black bears
  6 ice beasts
  2 sky beasts
  5 necrophages
  2 wolves (D:10)
  10 centaurs
  2 ogres
  3 crocodiles
  6 bullfrogs
  A water moccasin zombie (D:9)
  A wyvern skeleton (D:9)
  3 scorpions
  5 killer bees (D:9)
  12 wights
  4 howler monkeys
  8 crimson imps
  3 jellies
  3 centaur zombies
  A bullfrog zombie (D:8)
  6 orc priests
  2 bullfrog skeletons
  3 hounds
  9 orc wizards
  2 iguanas
  6 worker ants
  2 hound zombies
  A hound skeleton (D:5)
  17 adders
  3 shadow imps
  An ooze (D:1)
  An adder zombie (D:8)
  An adder skeleton (D:3)
  5 worms
  7 leopard geckos
  29 orcs
  2 ball pythons
  5 giant cockroaches
  4 hobgoblins
  3 kobolds
  3 quokkas
  3 bats
  4 frilled lizards
  8 goblins
  A leopard gecko skeleton (D:7)
  5 rats
267 creatures vanquished.

Vanquished Creatures (others)
  A sky beast (D:11)
  A bush (D:8)
  8 plants (D:8)
10 creatures vanquished.

Grand Total: 277 creatures vanquished

Notes
Turn   | Place    | Note
-------+----------+-------------------------------------------
     0 | D:1      | Felrender the Minotaur Fighter began the quest for the Orb.
     0 | D:1      | Reached XP level 1. HP: 19/19 MP: 0/0
   306 | D:1      | Reached XP level 2. HP: 23/27 MP: 1/1
   903 | D:2      | Reached XP level 3. HP: 33/33 MP: 2/2
  1314 | D:2      | Reached XP level 4. HP: 30/40 MP: 3/3
  1536 | D:2      | Noticed a bullfrog
  1548 | D:2      | Killed a bullfrog
  1548 | D:2      | Reached skill level 1 in Dodging
  1968 | D:3      | Reached XP level 5. HP: 42/46 MP: 4/4
  2204 | D:3      | Reached skill level 5 in Long Blades
  2246 | D:3      | Reached skill level 5 in Armour
  2350 | D:4      | Reached XP level 6. HP: 38/53 MP: 5/5
  2442 | D:4      | Reached skill level 5 in Shields
  3162 | D:5      | Entered Level 5 of the Dungeon
  3183 | D:5      | Reached XP level 7. HP: 40/60 MP: 6/6
  3623 | D:5      | Found Rut Icha's Gadget Boutique.
  3844 | D:5      | Reached skill level 5 in Fighting
  4555 | D:6      | Noticed Edmund
  4574 | D:6      | Killed Edmund
  4574 | D:6      | Reached XP level 8. HP: 66/68 MP: 7/7
  4595 | D:6      | Noticed Sigmund
  4614 | D:6      | Killed Sigmund
  4778 | D:6      | Found a staircase to the Ecumenical Temple.
  4876 | D:6      | Found an opulent altar of Gozag.
  4883 | D:6      | Found a snail-covered altar of Cheibriados.
  5148 | Temple   | Entered the Ecumenical Temple
  5327 | Temple   | Became a worshipper of the Wu Jian Council
  5427 | D:7      | Reached XP level 9. HP: 7/75 MP: 1/8
  5429 | D:7      | HP: 3/75 [hog (5)]
  6309 | D:7      | Reached skill level 1 in Stealth
  6370 | D:7      | Found Tyrigoto's Distillery.
  6377 | D:7      | Bought 2 potions of mutation for 176 gold pieces
  6377 | D:7      | Gained mutation: You evolve. [potion of mutation]
  6377 | D:7      | Gained mutation: You are resistant to hostile enchantments.
                  | (MR+) [potion of mutation]
  6377 | D:7      | Gained mutation: You are agile. (Dex +2) [potion of
                  | mutation]
  6378 | D:7      | Lost mutation: You are agile. (Dex +2) [potion of mutation]
  6378 | D:7      | Lost mutation: You evolve. [potion of mutation]
  6378 | D:7      | Lost mutation: You are resistant to hostile enchantments.
                  | (MR+) [potion of mutation]
  6378 | D:7      | Gained mutation: Potions are less effective at restoring
                  | your health. [potion of mutation]
  6378 | D:7      | Gained mutation: You are occasionally teleported next to
                  | monsters. [potion of mutation]
  6378 | D:7      | Gained mutation: You do not regenerate when monsters are
                  | visible. [potion of mutation]
  6378 | D:7      | Gained mutation: You have sharp toenails. [potion of
                  | mutation]
  6379 | D:7      | Found Noemavom's Antique Armour Emporium.
  6476 | D:7      | Reached * piety under Wu Jian
  6792 | D:8      | Got an ancient great mace
  6835 | D:8      | Identified the +5 great mace "Enofo" {crush, rElec MR+
                  | Str+2 Dex+3} (You found it on level 8 of the Dungeon)
  7104 | D:8      | Reached skill level 10 in Long Blades
  7124 | D:8      | Reached skill level 1 in Maces & Flails
  7124 | D:8      | Reached XP level 10. HP: 65/86 MP: 7/9
  7286 | D:8      | Reached ** piety under Wu Jian
  7519 | D:8      | Found a blossoming altar of Fedhas.
  7530 | D:8      | Reached skill level 5 in Dodging
  7725 | D:9      | Noticed a two-headed ogre
  7731 | D:9      | Killed a two-headed ogre
  7818 | D:9      | Noticed Harold
  7832 | D:9      | Killed Harold
  8089 | D:9      | Found a hazy altar of Hepliaklqana.
  8518 | D:10     | Entered Level 10 of the Dungeon
  9067 | D:10     | Reached skill level 1 in Unarmed Combat
  9077 | D:10     | Reached XP level 11. HP: 62/95 MP: 10/10
  9173 | D:10     | Found a staircase to the Lair.
  9300 | D:10     | Reached *** piety under Wu Jian
  9334 | D:10     | Noticed an unseen horror
  9338 | D:10     | Killed an unseen horror
  9558 | D:10     | Noticed Urug
  9574 | D:10     | Killed Urug
  9574 | D:10     | Reached skill level 10 in Armour
 10117 | D:11     | Noticed an orange crystal statue
 10858 | D:11     | Killed an orange crystal statue
 11249 | D:11     | Noticed a two-headed ogre
 11261 | D:11     | Killed a two-headed ogre
 11687 | D:11     | Noticed a green ugly thing
 11693 | D:11     | Killed a green ugly thing
 12092 | D:11     | Reached XP level 12. HP: 76/106 MP: 8/11
 12094 | D:11     | Reached **** piety under Wu Jian
 12599 | D:12     | HP: 2/106 [white ugly thing (28)]
 12599 | D:12     | Slain by a white ugly thing

Vault maps used:
D:1:      minmay_arrival_wavy_path
D:3:      first_ration, hangedman_decor_clover_reticule
D:5:      serial_shops, shop, minmay_misc_feat_cross,
          hangedman_abyss_or_decor_stabs, kennysheep_opposing_triangles
D:6:      amethyst_overflow_temple_binary, minmay_temple_entry_overgrown,
          uniq_edmund, uniq_sigmund
D:7:      serial_shops, shop, shop, grunt_livestock
D:8:      fedhas_altar_decomposition
D:9:      kennysheep_mini, uniq_harold
D:10:     minmay_lair_entry_grove, uniq_urug
D:11:     minmay_statue_bubble
D:12:     kennysheep_orc_monster_closet_entryway, enter_trove_6,
          serial_bayou_crossing
Temple:   regret_index_temple_mists

Skill      XL: |  1  2  3  4  5  6  7  8  9 10 11 |
---------------+----------------------------------+-----
Shields        | 4 5 6 7 8 9 |  9.3
Long Blades    | 3 4 5 6 8 10 11 | 11.2
Armour         | 4 5 6 7 8 9 11 | 11.4
Fighting       | 4 5 6 7 8 9 |  9.8
Dodging        | 1 2 3 4 5 |  5.5
Stealth        | 1 2 |  2.0
Maces & Flails | 1 7 9 |  9.8
Unarmed Combat | 1 4 |  4.9
Evocations     | |  0.2

Action                   |  1- 3 |  4- 6 |  7- 9 | 10-12 || total
-------------------------+-------+-------+-------+-------++-------
Melee: Long sword        |    60 |   136 |   360 |       ||   556
       Headbutt          |     6 |    23 |    77 |    77 ||   183
       Kick              |       |       |    29 |   129 ||   158
       Great mace        |       |       |    13 |   211 ||   224
       Double sword      |       |       |       |   127 ||   127
Invok: Lunge             |       |       |    11 |    30 ||    41
       Whirlwind         |       |       |       |    54 ||    54
       Wall Jump         |       |       |       |    11 ||    11
Evoke: Wand              |       |       |       |     5 ||     5
  Use: Scroll            |     2 |    10 |     8 |     6 ||    26
       Potion            |       |     2 |    13 |     4 ||    19
 Stab: Invisible         |       |       |     3 |       ||     3
  Eat: Chunk             |     1 |     1 |     1 |     3 ||     6
       Ration            |       |     2 |     4 |     4 ||    10
Armor: Scale mail        |    21 |    45 |    94 |    16 ||   176
       Skin              |       |       |    21 |       ||    21
       Chain mail        |       |       |       |   121 ||   121
Dodge: Dodged            |    24 |    42 |   123 |   158 ||   347
Block: Shield            |    36 |    83 |   210 |   103 ||   432
       Rpst.: Long sword |    11 |     6 |    24 |       ||    41
       Double sword      |       |       |       |     9 ||     9

Table legend:
 A = Non-vault XP
 B = Vault XP
 C = Vault XP percentage of total XP
 D = Non-vault monster count
 E = Vault monster count
 F = Vault count percentage of total count
                 A         B        C        D         E       F
            +---------+---------+-------+---------+---------+-------
      Total |   18092 |    5845 |  24.4 |     237 |      31 |  11.6
            +---------+---------+-------+---------+---------+-------
        D:1 |      21 |       0 |   0.0 |      10 |       0 |   0.0
        D:2 |     168 |       0 |   0.0 |      16 |       0 |   0.0
        D:3 |     188 |       0 |   0.0 |      22 |       0 |   0.0
        D:4 |     262 |       0 |   0.0 |      16 |       0 |   0.0
        D:5 |     558 |     113 |  16.8 |      20 |       3 |  13.0
        D:6 |     404 |     379 |  48.4 |       8 |       2 |  20.0
        D:7 |    1490 |     969 |  39.4 |      26 |       5 |  16.1
        D:8 |    1831 |     549 |  23.1 |      31 |       6 |  16.2
        D:9 |    1755 |    1124 |  39.0 |      13 |       2 |  13.3
       D:10 |    2809 |    2131 |  43.1 |      28 |      12 |  30.0
       D:11 |    7903 |     580 |   6.8 |      40 |       1 |   2.4
       D:12 |     703 |       0 |   0.0 |       7 |       0 |   0.0
            +---------+---------+-------+---------+---------+-------
